Map: Atmosphère 2 000 EC

Players

ElBastos

  • Race: Terran Terran
  • League: Master

Prøject - Winner!

  • Race: Terran Terran
  • League: Master

VOD

Have the link to the VOD?

Description

Time

  • Played on: May 7, 2021, 3:26 p.m.
  • Length: 15:42
Show
View Real Time Build Order
Export as new Build Order

ElBastos Terran 

Build Orders:  

Get SALT Encoding   

  12  0:00  SCV  
  13  0:12  SCV  
  14  0:17  Supply Depot  
  14  0:24  SCV  
  15  0:39  SCV  
  15  0:40  Barracks  
  16  0:44  Refinery  
  16  0:51  SCV  
  16  0:53  Refinery  
  17  1:03  SCV  
  18  1:16  SCV  
  19  1:27  Reaper  
  19  1:28  Orbital Command  
  19  1:29  Supply Depot  
  20  1:46  Factory  
  21  1:54  SCV  
  21  1:59  Barracks Reactor  
  21  2:06  SCV  
  22  2:17  Command Center  
  22  2:20  SCV  
  25  2:30  Hellion  
  25  2:36  Reaper x2  
  27  2:42  Supply Depot  
  27  2:43  SCV  
  28  2:51  Hellion  
  30  2:55  Starport  
  30  2:57  SCV  
  31  3:09  SCV  
  31  3:10  Marine  
  32  3:16  Factory Tech Lab  
  32  3:21  SCV  
  32  3:22  Marine  
  34  3:27  Marine  
  34  3:33  SCV  
  34  3:34  Refinery, Starport Tech Lab  
  36  3:35  Cyclone  
  39  3:47  SCV  
  41  3:51  Orbital Command  
  40  3:59  SCV  
  40  4:06  Raven, Marine  
  40  4:07  Supply Depot, Marine  
  44  4:11  SCV  
  45  4:19  SCV  
  45  4:20  Siege Tank  
  45  4:23  SCV  
  50  4:26  Marine x2  
  52  4:31  SCV  
  52  4:35  SCV  
  51  4:43  SCV  
  49  4:46  Supply Depot  
  49  4:47  SCV  
  49  4:50  Raven  
  49  4:51  Marine x2  
  54  4:55  Siege Tank  
  54  4:56  SCV  
  54  4:59  SCV  
  59  5:08  SCV  
  59  5:12  SCV  
  60  5:16  Marine x2  
  60  5:17  Command Center  
  60  5:20  SCV  
  62  5:22  Supply Depot  
  62  5:24  SCV  
  63  5:28  Siege Tank  
  63  5:32  SCV  
  67  5:36  SCV  
  67  5:41  Supply Depot  
  68  5:42  Supply Depot  
  68  5:44  SCV, Viking  
  68  5:45  Viking  
  68  5:48  SCV  
  74  5:56  SCV  
  75  5:58  Marine  
  75  5:59  Stimpack  
  75  6:00  SCV  
  75  6:02  Siege Tank  
  80  6:08  Barracks  
  80  6:09  SCV  
  80  6:11  Barracks  
  81  6:12  SCV  
  81  6:16  Marine  
  81  6:17  Viking  
  85  6:22  SCV  
  85  6:24  SCV  
  87  6:26  Engineering Bay  
  87  6:28  Engineering Bay  
  87  6:29  Orbital Command  
  87  6:34  SCV  
  87  6:35  Refinery  
  87  6:37  Siege Tank  
  91  6:48  SCV  
  91  6:49  Viking x2  
  91  6:54  Marine  
  97  6:55  Orbital Command, Terran Infantry Weapons Level 1  
  97  6:57  Supply Depot  
  97  7:04  SCV  
  97  7:05  Terran Infantry Armor Level 1  
  97  7:06  SCV  
  99  7:09  Barracks Reactor  
  99  7:16  Barracks Reactor  
  99  7:23  SCV  
  99  7:24  SCV x2  
  99  7:25  Marine  
  99  7:27  Siege Tank  
  106  7:30  Barracks x2  
  106  7:35  SCV  
  106  7:36  SCV  
  85  7:38  Viking  
  85  7:39  Viking  
  85  7:43  Marine  
  90  7:52  Marine x2  
  90  7:54  SCV x2, Refinery x2  
  90  7:56  SCV  
  95  8:01  Combat Shield, Marine  
  95  8:02  Supply Depot, Armory  
  96  8:07  Marine x2  
  96  8:08  Siege Tank  
  99  8:14  SCV  
  99  8:19  Barracks Reactor x2, Marine  
  101  8:22  Marine x2  
  101  8:25  Supply Depot x2, Marine  
  101  8:26  Supply Depot  
  104  8:27  Command Center  
  104  8:30  SCV x2  
  104  8:31  Sensor Tower  
  106  8:36  Marine  
  106  8:37  SCV, Marine  
  109  8:42  SCV  
  109  8:43  SCV, Siege Tank  
  109  8:45  Marine, Factory  
  109  8:46  Marine x2  
  117  8:49  Medivac  
  117  8:51  Medivac  
  117  8:54  Marine x2  
  123  8:59  SCV x2  
  125  9:03  Marine  
  125  9:08  Terran Infantry Weapons Level 2  
  126  9:12  Terran Infantry Armor Level 2  
  126  9:17  Marine x3  
  126  9:18  Marine x4  
  126  9:21  Marine  
  134  9:28  Siege Tank  
  134  9:30  SCV  
  138  9:35  Marine x6  
  138  9:37  Viking x2  
  144  9:42  Barracks Reactor  
  144  9:43  SCV x2  
  146  9:55  Marine x8  
  146  9:56  Siege Tank  
  157  10:04  Refinery, Terran Vehicle Weapons Level 1, SCV x3  
  157  10:05  Refinery  
  159  10:13  Marine x3  
  162  10:16  SCV  
  162  10:19  Marine  
  162  10:20  Marine  
  162  10:21  Marine  
  164  10:25  Supply Depot  
  164  10:26  Siege Tank, Supply Depot, Marine x3  
  164  10:27  SCV, Supply Depot  
  164  10:28  Siege Tank  
  174  10:29  Planetary Fortress, Supply Depot  
  174  10:30  SCV  
  174  10:34  SCV  
  176  10:36  Sensor Tower  
  176  10:39  SCV  
  176  10:40  Viking  
  179  10:43  Marine  
  179  10:44  Marine  
  179  10:45  Marine  
  179  10:46  Viking, Marine  
  177  10:51  Marine x3  
  173  11:01  Siege Tank  
  172  11:08  Command Center  
  171  11:13  SCV  
  172  11:20  Marine x5  
  172  11:21  Siege Tank  
  180  11:33  Siege Tank  
  180  11:37  Medivac x2  
  187  11:48  Marine x5  
  187  11:53  Siege Tank  
  187  11:54  Command Center  
  195  11:59  Marine  
  196  12:02  Starport x2  
  196  12:09  Marine  
  196  12:13  Terran Infantry Armor Level 3, Terran Infantry Weapons Level 3  
  197  12:16  Siege Tank  
  200  12:31  Marine x2  
  200  12:32  Marine x2  
  200  12:34  Viking  
  200  12:46  Viking  
  174  12:55  Marine  
  174  12:57  Marine x2  
  174  12:59  Command Center  
  174  13:03  Planetary Fortress  
  174  13:05  Refinery  
  174  13:10  Orbital Command  
  174  13:13  Liberator, Starport Reactor x2  
  174  13:33  Marine x4  
  174  13:34  Siege Tank x2, Marine x2  
  182  13:42  SCV  
  182  13:44  Orbital Command  
  182  13:45  SCV  
  184  13:51  SCV  
  184  13:55  SCV  
  186  13:57  SCV  
  186  13:58  Marine x2  
  186  14:00  Viking x2  
  193  14:06  Cyclone x2  
  181  14:18  Viking x3  
  163  14:25  Marine x3  
  163  14:28  Marine x2  
  155  14:43  Marine x5  
  155  14:44  Siege Tank  
  141  14:53  Marine  
  141  14:54  Marine x4  
  146  15:00  Sensor Tower  
  146  15:06  Viking  
  146  15:12  Marine x4  
  146  15:13  Marine  
Show
View Real Time Build Order
Export as new Build Order

Prøject Terran - Winner!

Build Orders:  

Get SALT Encoding   

  12  0:00  SCV  
  13  0:12  SCV  
  14  0:17  Supply Depot  
  14  0:25  SCV  
  15  0:38  SCV  
  15  0:40  Barracks  
  16  0:43  Refinery  
  16  0:50  SCV  
  16  0:54  Refinery  
  17  1:02  SCV  
  18  1:14  SCV  
  19  1:28  Orbital Command, Reaper  
  19  1:30  Supply Depot  
  20  1:44  Factory  
  20  1:54  SCV  
  21  2:00  Reaper  
  22  2:06  SCV  
  23  2:18  SCV  
  24  2:23  Command Center  
  24  2:30  SCV, Hellion  
  27  2:38  Barracks Reactor  
  27  2:43  SCV  
  27  2:47  Starport  
  27  2:53  Supply Depot  
  27  2:55  SCV  
  27  2:56  Widow Mine  
  30  3:10  SCV  
  30  3:17  Factory Tech Lab  
  30  3:18  Marine x2  
  32  3:22  SCV  
  32  3:25  Starport Tech Lab  
  33  3:34  SCV  
  33  3:36  Orbital Command, Marine x2  
  35  3:45  Banshee  
  35  3:46  SCV  
  38  3:49  Cyclone  
  38  3:54  Marine  
  42  3:56  Marine  
  42  3:58  SCV  
  42  4:04  SCV  
  42  4:09  Refinery  
  43  4:10  SCV  
  43  4:16  SCV  
  45  4:19  Supply Depot  
  45  4:21  Marine x2  
  45  4:22  SCV  
  48  4:28  SCV  
  49  4:31  Siege Tank  
  49  4:37  SCV  
  51  4:43  SCV  
  48  4:49  SCV  
  48  4:51  Raven  
  53  4:55  SCV  
  53  4:57  Command Center  
  52  5:01  SCV  
  52  5:06  Supply Depot  
  53  5:08  SCV  
  53  5:10  Siege Tank  
  53  5:11  Marine x2  
  53  5:13  SCV  
  60  5:16  Supply Depot  
  60  5:20  SCV  
  58  5:26  SCV  
  58  5:27  Refinery  
  59  5:32  SCV, Marine x2  
  59  5:34  Raven  
  64  5:38  SCV  
  65  5:43  Siege Tank  
  65  5:44  SCV  
  69  5:50  SCV  
  69  5:52  Marine x2  
  69  5:56  SCV  
  73  5:57  Barracks  
  73  5:58  Barracks  
  73  5:59  Supply Depot  
  73  6:02  SCV  
  74  6:08  SCV  
  75  6:14  SCV  
  75  6:15  Engineering Bay  
  75  6:16  Engineering Bay  
  76  6:23  Siege Tank  
  79  6:26  Orbital Command  
  79  6:27  SCV x2  
  81  6:37  Viking x2  
  81  6:38  Stimpack  
  81  6:39  SCV x2  
  87  6:44  Barracks Reactor  
  87  6:45  Barracks Reactor  
  86  6:51  SCV x2  
  87  6:55  Siege Tank  
  87  6:56  SCV  
  91  7:03  SCV  
  91  7:05  SCV  
  91  7:06  Terran Infantry Armor Level 1, Terran Infantry Weapons Level 1  
  93  7:12  Viking  
  94  7:16  SCV  
  94  7:19  Refinery x2, Marine  
  96  7:25  Barracks  
  96  7:26  Barracks  
  96  7:27  Siege Tank  
  99  7:37  Viking, Marine  
  96  7:42  Viking  
  95  7:45  Marine x4  
  95  7:48  SCV  
  97  7:53  SCV  
  97  7:54  SCV  
  97  7:55  Marine  
  100  7:59  Sensor Tower  
  100  8:00  Armory  
  100  8:01  SCV  
  101  8:06  Supply Depot  
  101  8:12  Supply Depot x2  
  101  8:18  Barracks Reactor x2  
  101  8:27  Command Center, Supply Depot  
  101  8:28  SCV x3, Siege Tank, Viking x2, Marine x5  
  101  8:31  Combat Shield  
  116  8:37  Supply Depot  
  116  8:40  SCV x2  
  118  8:42  Supply Depot  
  118  8:46  SCV  
  119  8:50  Marine x2  
  119  8:52  SCV x2  
  123  8:56  Marine  
  123  8:57  Supply Depot, Marine x3  
  123  8:58  Marine x2  
  123  8:59  SCV  
  130  9:06  SCV  
  131  9:10  SCV  
  131  9:13  Siege Tank  
  131  9:14  Medivac x2  
  131  9:15  SCV  
  139  9:17  Terran Vehicle Weapons Level 1  
  139  9:20  Supply Depot x2, Factory  
  139  9:28  SCV, Marine x2  
  139  9:31  SCV x2  
  144  9:32  Marine x3  
  144  9:34  Terran Infantry Weapons Level 2  
  147  9:40  SCV  
  148  9:51  Siege Tank  
  148  9:52  Sensor Tower, Marine  
  151  9:53  Marine x2  
  151  9:54  SCV  
  151  9:55  Refinery  
  151  9:58  SCV  
  151  9:59  Barracks x2  
  156  10:00  Barracks  
  156  10:02  Refinery, Barracks Reactor  
  153  10:10  Planetary Fortress  
  153  10:14  Marine x2  
  155  10:22  Medivac, Marine x3  
  155  10:23  Siege Tank, Medivac  
  165  10:30  Supply Depot  
  165  10:31  Marine x3  
  165  10:32  Marine x2  
  165  10:34  Terran Infantry Armor Level 2  
  170  10:36  SCV  
  170  10:38  Marine x2  
  170  10:39  Marine  
  170  10:40  SCV, Marine  
  175  10:55  Siege Tank, Marine x2  
  175  10:56  Marine  
  181  10:57  Marine x3  
  181  10:58  Barracks Reactor x2  
  181  10:59  SCV, Barracks Reactor  
  181  11:03  Starport x2  
  185  11:08  SCV, Fusion Core  
  186  11:13  SCV  
  186  11:14  Marine  
  186  11:15  Marine  
  186  11:16  Marine x2  
  190  11:22  SCV  
  187  11:25  Command Center  
  187  11:27  Siege Tank  
  187  11:31  Marine x3  
  190  11:33  SCV  
  190  11:39  Command Center  
  190  11:40  Marine x2  
  190  11:42  Starport Reactor x2  
  190  11:45  Marine x2  
  187  11:50  Command Center  
  187  11:51  Siege Tank  
  187  11:54  Terran Infantry Weapons Level 3  
  184  11:56  Viking  
  184  11:57  Viking  
  184  12:00  Siege Tank  
  191  12:14  SCV  
  189  12:22  Marine x3  
  190  12:24  Siege Tank  
  190  12:29  Viking x2  
  199  12:32  Marine x2  
  199  12:34  Viking  
  199  12:37  Viking x2  
  197  12:40  Terran Vehicle Weapons Level 2  
  198  12:49  Marine x2  
  198  12:50  Viking  
  181  12:59  Orbital Command, Viking  
  181  13:02  Marine x2  
  181  13:03  Marine  
  186  13:08  Marine x2  
  186  13:09  Viking x2  
  192  13:23  Viking x2  
  194  13:30  Orbital Command  
  194  13:40  Marine x3  
  197  13:43  Refinery  
  197  13:46  Refinery, Marine x2  
  194  13:51  Command Center  
  190  13:55  Marine  
  190  14:00  Liberator x3  
  197  14:14  Liberator x2  
  197  14:16  Advanced Ballistics  
  195  14:19  Marine x4  
  193  14:26  Marine x2  
  184  14:32  SCV, Marine x2  
  187  14:40  Marine x3  
  187  14:41  Siege Tank, Marine x4  
  187  14:42  Siege Tank  
  187  14:43  SCV  
  195  14:49  Sensor Tower  
  195  15:09  Orbital Command  
  198  15:16  Sensor Tower  
  198  15:19  Refinery  
  198  15:20  Refinery  
  200  15:23  Armory  
Tags
 
Add a new tag
Caveats
  • Supply blocks, unpowered buildings, or Contaminate may cause inaccurate times.
  • Supply counts are checked every 10 seconds.